 Dungeon Crawl Stone Soup version 0.14-a0-2691-g997c442 (webtiles) character file.

54007 Jenx the Executioner (level 14, -2/115 HPs)
             Began as a Lava Orc Berserker on Feb 17, 2014.
             Was the Champion of Trog.
             Slain by an ice devil (38 damage)
             ... summoned by a silver statue
             ... on Level 4 of the Orcish Mines on Feb 18, 2014.
             The game lasted 01:23:48 (21194 turns).

Jenx the Executioner (Lava Orc Berserker)          Turns: 21194, Time: 01:23:48

HP  -2/115       AC 30     Str 21      XL: 14   Next: 23%
MP  14/14        EV  9     Int  6      God: Trog [******]
Gold 2457        SH  0     Dex 13      Spells:  0 memorised, 13 levels left

rFire  + + +     SeeInvis +     a - +2 executioner's axe (elec)
rCold  x . .     Clarity  +     M - +3 plate armour {MR+}
rNeg   + . .     Conserve .     (no shield)
rPois  +         rCorr    .     l - +2 dwarf helmet
rElec  .         rRot     .     s - +1 ratskin cloak {rPois rN+ Dex-1 Int-1}
SustAb . .       Spirit   .     Z - +4 pair of gloves "Jeifol" {+Rage}
rMut   .         Warding  .     W - +0 pair of dwarf boots
Saprov + . .     Stasis   .     P - amulet of clarity
MR     +....                    d - +3 ring of evasion
                                Q - ring of see invisible

@: drained, somewhat resistant to hostile enchantments, extremely unstealthy
A: conserve scrolls, saprovore 1
a: Burn Spellbooks, Berserk, Trog's Hand, Brothers in Arms, Renounce Religion,
Evoke Berserk Rage


You were on level 4 of the Orcish Mines.
You worshipped Trog.
Trog was exalted by your worship.
You were not hungry.

You visited 3 branches of the dungeon, and saw 21 of its levels.
You also visited: Labyrinth.

You collected 2485 gold pieces.
You spent 28 gold pieces at shops.

Inventory:

Hand weapons
 a - a +2,+2 executioner's axe of electrocution (weapon)
 b - a +0,+3 dwarven battleaxe of flaming
 r - a +4,+3 dwarven battleaxe of freezing
 C - a +6,+5 orcish anti-magic battleaxe
 D - a +2,+0 dagger of chaos
 H - the +3,+6 cutlass of Xuizy {flame, +Blink +Fly}
   (You found it on level 4 of the Dungeon)

   It emits flame when wielded, causing extra injury to most foes and up to
   double damage against particularly susceptible opponents.
   Big, fiery blades are also staple armaments of hydra-hunters.
   It lets you fly.
   It lets you blink.
Missiles
 L - 10 tomahawks (quivered)
Armour
 l - a +2 dwarven helmet (worn)
 s - the +1 ratskin cloak (worn) {rPois rN+ Dex-1 Int-1}
   (You found it on level 8 of the Lair of Beasts)

   It affects your intelligence (-1).
   It affects your dexterity (-1).
   It protects you from poison.
   It protects you from negative energy.
 t - a +2 cloak of magic resistance
 M - a +3 plate armour of magic resistance (worn)
 W - a +0 pair of dwarven boots (worn)
 X - a +0 shield of reflection
 Z - the +4 pair of gloves "Jeifol" (worn) {+Rage}
   (You found it in a labyrinth)

   It lets you go berserk.
Magical devices
 u - a wand of polymorph (11)
 U - a wand of digging (6)
Comestibles
 c - 3 meat rations
 A - 6 bread rations
 R - a chunk of hobgoblin flesh
Scrolls
 e - 5 scrolls of teleportation
 f - a scroll of fog
 k - 7 scrolls of remove curse
 p - a scroll of blinking
 v - a scroll of recharging
 N - 7 scrolls of fear
Jewellery
 d - a +3 ring of evasion (right hand)
 o - an uncursed ring of flight
 y - an uncursed amulet of resist corrosion
 O - an uncursed amulet of resist mutation
 P - an amulet of clarity (around neck)
 Q - a ring of see invisible (left hand)
 S - an uncursed amulet of faith
 Y - an uncursed ring of protection from cold
Potions
 g - 5 potions of heal wounds
 h - 2 potions of curing
 j - 2 potions of cure mutation
 m - 2 potions of agility
 q - 4 potions of speed
 w - 3 potions of flight
 x - 2 potions of might
 z - 2 potions of restore abilities
 B - a potion of brilliance
 E - 2 potions of berserk rage
 F - a potion of invisibility
 I - a potion of mutation
 J - a potion of confusion {unknown}
 K - a potion of paralysis {unknown}
 V - a potion of beneficial mutation {unknown}
Miscellaneous
 i - a fan of gales
 n - a box of beasts
 G - a lantern of shadows


   Skills:
 - Level 8.1(7.6) Fighting
 * Level 23.5(22.8) Axes
 + Level 11.2(10.7) Armour
 - Level 1.5(1.1) Dodging


You had 13 spell levels left.
You didn't know any spells.

Dungeon Overview and Level Annotations

Branches:
Dungeon (9/16)                Orc (4/4) D:9             Elf (0/3) Orc:3
   Lair (8/8) D:8           Swamp (0/5) Lair:5        Snake (0/5) Lair:5
  Slime (0/6) Lair:8
 Temple: D:4-7

Altars:
Fedhas
Makhleb
Okawaru
Trog
Vehumet
Beogh
Jiyva

Shops:
D:4 *   Orc:2 !:

Portals:
Hell: Lair:8
Bazaar: Orc:4

Annotations:
D:3 Natasha
D:8 exclusion: oklob sapling
Orc:4 exclusion: silver statue


Innate Abilities, Weirdness & Mutations

You have stony skin.
Your flesh is almost immune to the effects of heat.
Your fire spells are more powerful.
Your flesh is vulnerable to cold.
Your heat harms attackers.
You bathe your surroundings in blazing heat.
You are too hot to use scrolls.
You are very good at protecting items from fire.
You can tolerate rotten meat.


Message History

The ice devil is singed by your heat.
The ice devil is lightly wounded.
The crimson imp blinks!
You slice the silver statue!!
The silver statue is severely damaged.
The iron imp closely misses you.
The red devil hits you from afar with a demon trident of draining!
You partially resist.
You feel drained.
The white imp is burned by your radiant heat.
The white imp is heavily wounded.
The white imp hits you but does no damage.
The white imp is burned terribly!
The white imp is singed by your heat.
The white imp is almost dead.
The ufetubus hits you but does no damage.
The ufetubus is burned terribly!
The ufetubus is singed by your heat.
The ufetubus is heavily wounded.
The ufetubus hits you but does no damage.
The ufetubus appears unharmed.
The ice devil hits you! The ice devil freezes you!
You feel a terrible chill!
You die...

............)...._..#
.#..................##
..##.................##
#......$............#
..#.....<..........#.##
.#.........$.....#..#.##
........§54............#
.......545..........#.##
......T5@3.........#.##
.......#8#.#......#...#
...#..#∩###......##.##
......### #..........#
..... ##..#.....## ##..
≈≈≈≈#..### . ≈≈≈#..
≈≈#.# #.


You could see a silver statue, an ice devil, an iron devil, a troll, a red
devil, an iron imp, a crimson imp, a white imp and an ufetubus.

Vanquished Creatures
  Donald (Orc:3)
  Maud (Lair:3)
  A dire elephant (Lair:8)
  Snorg (Lair:6)
  A minotaur (Lab)
  4 hydras
  Erica (Lair:6)
  An unseen horror (Lab)
  A wizard (Lair:8)
  An orc sorcerer (Orc:3)
  A cyclops (Orc:3)
  14 black mambas
  A hell beast (Lair:8)
  7 elephants
  2 orange demons (Lair:8)
  A queen ant (Lair:4)
  An item mimic (Lair:3)
  Psyche (D:9)
  9 spiny frogs
  4 fire drakes
  3 red devils (Lair:8)
  A hellwing (Lair:8)
  6 komodo dragons
  4 wandering mushrooms
  A troll (D:9)
  A boulder beetle (Lair:8)
  4 blink frogs
  A shark (Lair:4)
  A wyvern (D:7)
  5 basilisks
  An elephant slug (Lair:3)
  4 trapdoor spiders
  2 spriggan skeletons (Lab)
  5 hippogriffs
  40 yaks
  Edmund (D:6)
  7 wolves
  A hell hound (Lair:8)
  7 porcupines
  11 soldier ants (Lair:4)
  14 orc warriors
  5 ogres
  2 ice beasts (D:6)
  2 giant goldfish (Lair:4)
  3 phantoms
  12 crocodiles
  4 rotting devils (Lair:8)
  2 centaurs
  4 wargs
  9 giant slugs
  15 giant frogs
  A hell hound zombie (Lair:8)
  2 insubstantial wisps (Lair:5)
  15 water moccasins
  11 agate snails
  An eye of draining (Lair:8)
  A yak skeleton (D:8)
  A removed MONS_JELLYFISH (Lair:4)
  10 wights
  An electric eel (Lair:4)
  A troll skeleton (Lab)
  4 crimson imps
  5 hounds
  2 goliath beetles
  A big fish (Lair:4)
  A jelly (D:6)
  23 orc priests
  A gnoll shaman (D:8)
  Natasha (D:3)
  3 iguanas
  22 orc wizards
  46 worker ants
  15 sheep
  A killer bee zombie (D:7)
  A sky beast zombie (D:6)
  2 ogre skeletons
  A hound skeleton (D:4)
  9 gnolls
  15 adders
  53 green rats
  A giant centipede (Lair:1)
  2 giant mites
  A shadow imp (D:3)
  A worm (D:2)
  An adder skeleton (D:4)
  An iguana skeleton (D:8)
  A giant eyeball (D:4)
  An orc skeleton (D:4)
  131 orcs
  3 giant cockroaches
  18 hobgoblins
  17 kobolds
  An ooze (D:1)
  6 ball pythons
  28 bats
  A giant cockroach zombie (D:6)
  9 giant geckos
  4 giant newts
  A giant spore (D:7)
  18 goblins
  A goblin skeleton (D:4)
  A hobgoblin skeleton (D:6)
  15 jackals
  A jackal skeleton (D:4)
  A kobold skeleton (D:5)
  2 orc zombies (D:5)
  13 quokkas
  16 rats
  A rat skeleton (D:5)
  3 ballistomycetes (D:7)
  A butterfly (Lair:2)
  10 fungi
  8 plants
801 creatures vanquished.

Vanquished Creatures (collateral kills)
  Rupert (Lair:6)
  A hydra (Lair:4)
  2 elephants (Lair:6)
4 creatures vanquished.

Vanquished Creatures (others)
  A stone giant (Lair:4)
  A bat (D:7)
  A bush (Lair:8)
  5 fungi
  2 plants (Lair:4)
10 creatures vanquished.

Grand Total: 815 creatures vanquished

Notes
Turn   | Place    | Note
--------------------------------------------------------------
     0 | D:1      | Jenx, the Lava Orc Berserker, began the quest for the Orb.
     0 | D:1      | Reached XP level 1. HP: 19/19 MP: 1/1
   115 | D:1      | Reached skill level 4 in Axes
   337 | D:1      | Reached XP level 2. HP: 27/27 MP: 2/2
   761 | D:2      | Acquired Trog's second power
   868 | D:2      | Reached XP level 3. HP: 15/33 MP: 3/3
  1215 | D:2      | Reached skill level 5 in Axes
  1534 | D:3      | Reached XP level 4. HP: 41/41 MP: 4/4
  1848 | D:3      | Reached skill level 6 in Axes
  1850 | D:3      | Found a bloodstained altar of Trog.
  1927 | D:3      | Noticed Natasha
  1940 | D:3      | Killed Natasha
  1940 | D:3      | Reached XP level 5. HP: 28/47 MP: 5/5
  2146 | D:3      | Reached skill level 5 in Fighting
  2533 | D:3      | Noticed Natasha
  2559 | D:4      | Noticed an ogre
  2567 | D:4      | Killed an ogre
  2567 | D:4      | Reached skill level 7 in Axes
  2567 | D:4      | Reached XP level 6. HP: 55/56 MP: 6/6
  2683 | D:4      | Acquired Trog's third power
  2752 | D:4      | Found Pheddogh's Serpentskin Sales.
  2766 | D:4      | Reached skill level 8 in Axes
  2769 | D:4      | Reached XP level 7. HP: 27/63 MP: 7/7
  2939 | D:4      | Got a shimmering cutlass
  2940 | D:4      | Identified the +3,+6 cutlass of Xuizy {flame, +Blink +Fly} (You found it on level 4 of the Dungeon)
  3242 | D:4      | Paralysed by a giant eyeball for 2 turns
  3341 | D:5      | Entered Level 5 of the Dungeon
  3674 | D:5      | Reached skill level 9 in Axes
  4281 | D:6      | Reached XP level 8. HP: 32/73 MP: 8/8
  4299 | D:6      | Reached skill level 10 in Axes
  4958 | D:6      | Reached skill level 11 in Axes
  4965 | D:6      | Found a radiant altar of Vehumet.
  5095 | D:6      | Noticed Edmund
  5100 | D:6      | Received a gift from Trog
  5105 | D:6      | Killed Edmund
  5105 | D:6      | Reached skill level 12 in Axes
  5292 | D:6      | Reached XP level 9. HP: 64/81 MP: 9/9
  5495 | D:7      | Reached skill level 13 in Axes
  6064 | D:8      | Reached skill level 14 in Axes
  6068 | D:8      | Found a blossoming altar of Fedhas.
  6496 | D:8      | Reached skill level 15 in Axes
  6522 | D:8      | Found a staircase to the Lair.
  6532 | Lair:1   | Entered Level 1 of the Lair of Beasts
  6705 | Lair:1   | Found a labyrinth entrance.
  6730 | Lab      | Entered a labyrinth
  7148 | Lab      | Reached XP level 10. HP: 68/88 MP: 10/10
  8125 | Lab      | Noticed an unseen horror
  8137 | Lab      | Killed an unseen horror
  8137 | Lab      | Reached skill level 16 in Axes
  8173 | Lab      | Noticed a minotaur
  8185 | Lab      | Killed a minotaur
  8185 | Lab      | Reached skill level 17 in Axes
  8240 | Lab      | Got a pair of distressingly furry gloves
  8245 | Lab      | Identified the +4 pair of gloves "Jeifol" {+Rage} (You found it in a labyrinth)
  8339 | Lair:1   | Identified a scroll of acquirement
  8340 | Lair:1   | Got a pair of ancient gloves
  8348 | Lair:1   | Identified the +1 pair of gloves of Hospitality {Str+3 Int+1 Acc+4} (You acquired it on level 1 of the Lair of Beasts)
  9434 | Lair:2   | Reached XP level 11. HP: 84/94 MP: 11/11
  9905 | Lair:3   | Reached skill level 18 in Axes
  9955 | Lair:3   | Noticed Maud
  9970 | Lair:3   | Killed Maud
 10120 | Lair:3   | Received a gift from Trog
 10546 | Lair:3   | Reached skill level 19 in Axes
 11412 | Lair:4   | Received a gift from Trog
 11503 | Lair:4   | Reached skill level 5 in Armour
 11673 | Lair:4   | Reached XP level 12. HP: 61/101 MP: 12/12
 11788 | Lair:4   | Reached skill level 20 in Axes
 12227 | Lair:4   | Noticed a seven-headed hydra
 12239 | Lair:4   | Killed a seven-headed hydra
 13080 | Lair:5   | Received a gift from Trog
 13083 | Lair:5   | Got a polished crossbow {god gift}
 13084 | Lair:5   | Found a staircase to the Swamp.
 13242 | Lair:5   | Found a staircase to the Snake Pit.
 13349 | Lair:5   | Reached skill level 21 in Axes
 13996 | Lair:6   | Got an iridescent great mace
 14005 | Lair:6   | Noticed Snorg
 14016 | Lair:6   | Killed Snorg
 14016 | Lair:6   | Received a gift from Trog
 14021 | Lair:6   | Identified the +4,+7 great mace of Karma {drain, rElec rF+} (You found it on level 6 of the Lair of Beasts)
 14230 | Lair:6   | Noticed Erica
 14241 | Lair:6   | Killed Erica
 14241 | Lair:6   | Reached XP level 13. HP: 103/107 MP: 13/13
 14467 | Lair:6   | Noticed an eight-headed hydra
 14469 | Lair:6   | Noticed Rupert
 14498 | Lair:6   | Killed Rupert
 14500 | Lair:6   | Killed a six-headed hydra
 14733 | Lair:6   | Reached skill level 22 in Axes
 15188 | Lair:7   | Upgraded the game from 0.14-a0-2679-gcb94c3d to 0.14-a0-2691-g997c442
 15225 | Lair:7   | Received a gift from Trog
 15929 | Lair:8   | Entered Level 8 of the Lair of Beasts
 16270 | Lair:8   | Found a viscous altar of Jiyva.
 16270 | Lair:8   | Found a staircase to the Slime Pits.
 16276 | Lair:8   | Reached skill level 10 in Armour
 16319 | Lair:8   | Received a gift from Trog
 17049 | Lair:8   | Noticed a dire elephant
 17059 | Lair:8   | Killed a dire elephant
 17418 | Lair:8   | Found a burning altar of Makhleb.
 17443 | Lair:8   | Reached skill level 23 in Axes
 17473 | Lair:8   | Reached XP level 14. HP: 61/115 MP: 14/14
 17483 | Lair:8   | Found a gateway to Hell.
 18006 | D:8      | Received a gift from Trog
 18224 | D:9      | Found a staircase to the Orcish Mines.
 18230 | D:9      | Noticed Psyche
 18240 | D:9      | Killed Psyche
 18390 | D:9      | Found an iron altar of Okawaru.
 18869 | Orc:1    | Entered Level 1 of the Orcish Mines
 18946 | Orc:2    | Found Naunn's Book Emporium.
 19010 | Orc:2    | Found a bloodstained altar of Trog.
 19460 | Orc:1    | Found a roughly hewn altar of Beogh.
 19587 | Orc:1    | Received a gift from Trog
 19789 | Orc:3    | Found a roughly hewn altar of Beogh.
 20112 | Orc:3    | Noticed Donald
 20128 | Orc:3    | Killed Donald
 20373 | Orc:3    | Found a staircase to the Elven Halls.
 20531 | Orc:2    | Received a gift from Trog
 20706 | Orc:2    | Found Smumaom's Distillery.
 20714 | Orc:2    | Bought a potion of curing for 28 gold pieces
 20816 | Orc:4    | Entered Level 4 of the Orcish Mines
 20816 | Orc:4    | Found a gateway to a bazaar.
 20818 | Orc:3    | Paralysed by an orc sorcerer for 6 turns
 20878 | Orc:4    | Found a roughly hewn altar of Beogh.
 20952 | Orc:4    | Received a gift from Trog
 21194 | Orc:4    | Slain by an ice devil

Action                   |  1- 3 |  4- 6 |  7- 9 | 10-12 | 13-15 || total
-------------------------+-------+-------+-------+-------+-------++-------
Melee: Hand axe          |   129 |   199 |   304 |       |       ||   632
       Battleaxe         |       |       |   185 |   340 |    21 ||   546
       Broad axe         |       |       |       |     4 |       ||     4
       Executioner's axe |       |       |       |   336 |   664 ||  1000
Throw: Dart              |     3 |       |       |       |       ||     3
       Tomahawk          |       |       |     1 |     4 |     5 ||    10
Invok: Trog's Hand       |       |     1 |     2 |     4 |     2 ||     9
       Berserk           |       |     1 |     2 |     1 |       ||     4
       Brothers in Arms  |       |       |       |     1 |     1 ||     2
       Burn Spellbooks   |       |       |       |     1 |     2 ||     3
Evoke: Wand              |       |       |     3 |     6 |     3 ||    12
  Use: Scroll            |       |     4 |     6 |    29 |     7 ||    46
       Potion            |       |       |       |     4 |       ||     4
